 Dungeon Crawl Stone Soup version 0.26-a0-694-g74916bafe0 (webtiles) character file.

Game seed: 1658259065313489080

14 Conn the Conjurer (level 2, -1/11 HPs)
             Began as a Felid Conjurer on Oct 25, 2020.
             Slain by a leopard gecko (3 damage)
             ... on level 1 of the Dungeon.
             The game lasted 00:01:09 (354 turns).

Conn the Conjurer (Felid Conjurer)                   Turns: 354, Time: 00:01:10

Health: -1/11      AC:  1    Str:  3    XL:     2   Next: 31%
Magic:  0/6        EV: 18    Int: 19    God:
Gold:   0          SH:  0    Dex: 14    Spells: 4/5 levels left
                                        Lives:  0   Deaths: 0

rFire    + . .     SeeInvis +   (weapon unavailable)
rCold    x . .     Faith    .   (shield unavailable)
rNeg     . . .     Spirit   .   (armour unavailable)
rPois    .         Reflect  .   (helmet unavailable)
rElec    .         Harm     .   (cloak unavailable)
rCorr    .         Rampage  .   (gloves unavailable)
MR       .....                  (boots unavailable)
Stlth    +++.......             (no amulet)
HPRegen  0.03/turn              a - ring of fire
MPRegen  0.10/turn              (no ring)

@: hasted, very quick
A: very small, no armour, no weapons or thrown items, stealth, claws 1, fangs 3,
see invisible, speed 1, shaggy fur 1, sharp paws
a: no special abilities


You were on level 1 of the Dungeon.
You visited 1 branch of the dungeon, and saw 1 of its levels.

Inventory:

Jewellery
 a - a ring of fire (left paw)
Scrolls
 b - a scroll of noise {unknown}


   Skills:
 + Level 2.8 Dodging
 + Level 2.7 Stealth
 + Level 2.0 Spellcasting
 + Level 4.1 Conjurations


You had 4 spell levels left.
You knew the following spells:

 Your Spells              Type           Power        Failure   Level
a - Magic Dart            Conj           ###.         3%          1

Your spell library contained the following spells:

 Spells                   Type           Power        Failure   Level
 Searing Ray              Conj           ###...       4%          2
 Dazzling Flash           Conj/Hex       #.....       22%         3
 Fulminant Prism          Conj/Hex       #.........   58%         4
 Iskenderun's Mystic Bla  Conj/Tloc      #.......     58%         4


Dungeon Overview and Level Annotations

Branches:
Dungeon (1/15)

Altars:


Innate Abilities, Weirdness & Mutations

You cannot wear armour.
You are incapable of wielding weapons or throwing items.
Your paws allow you to move quietly. (Stealth)
You have sharp claws.
You have razor-sharp teeth.
You have supernaturally acute eyesight. (SInv)
You cover ground quickly.
You are covered in fur. (AC +1)
Your sharp claws are effective at attacking unaware monsters.


Message History

Aiming: Magic Dart (safe; 3% risk of failure)
Press: ? - help, Shift-Dir - straight line, f/p - jackal
Aim: a jackal (almost dead)
The magic dart hits the jackal.
You kill the jackal!
The giant cockroach barely misses you.
Unknown command.
Casting: Magic Dart (safe; 3% risk of failure)
Confirm with . or Enter, or press ? or * to list all spells.
Press: ? - help, Shift-Dir - straight line, f - leopard gecko
Aim: a leopard gecko The magic dart hits the leopard gecko.
The leopard gecko is almost dead.
The giant cockroach bites you.
* * * LOW HITPOINT WARNING * * *
Unknown command.
It was a potion of haste.
You feel yourself speed up.
The giant cockroach waves its antennae.
The giant cockroach closely misses you. The leopard gecko bites you.
You die...

.....". #.# #. ....... ..
. ### ....... .... .. ...
.......#. .#### .... ###
......... .#........#
........##...##......###
#.......#..##..........##
#.....#†l........)†..#.##
#...B@.####.......#.#.
.......#............##..[
..............#.....##.##
.#.##..##.###........#...
.>....# #..............##
.#.##. #####.........## [
.. ##....).### ###
#.#......# #..)####.###


You could see a leopard gecko and a giant cockroach.

Vanquished Creatures
  4 hobgoblins (D:1)
  2 jackals (D:1)
  A ball python (D:1)
  2 bats (D:1)
  A frilled lizard (D:1)
  2 goblins (D:1)
  A rat (D:1)
13 creatures vanquished.

Notes
Turn   | Place    | Note
-------+----------+-------------------------------------------
     0 | D:1      | Conn the Felid Conjurer began the quest for the Orb.
     0 | D:1      | Reached XP level 1. HP: 7/7 MP: 4/4
   235 | D:1      | Reached skill level 4 in Conjurations
   235 | D:1      | Reached XP level 2. HP: 11/11 MP: 0/6
   354 | D:1      | Slain by a leopard gecko

Illustrated notes

Levels and vault maps discovered:
D:1:      kennysheep_arrival_forest, layout_rooms

Skill      XL: |  1 |
---------------+----+-----
Conjurations   | 4 |  4.1
Dodging        | |  2.8
Stealth        | |  2.7
Spellcasting   | |  2.0

Action                   || total
-------------------------++-------
Melee: Unarmed           ||     3
 Cast: Magic Dart        ||    26
  Use: Potion            ||     1
Dodge: Dodged            ||     6

Table legend: (Time is in decaauts)
 A = Elapsed time spent in this place.
 B = Non-inter-level travel time spent in this place.
 C = Inter-level travel time spent in this place.
 D = Time resting spent in this place.
 E = Time spent auto-exploring this place.
 F = Levels seen in this place.
 G = Mean time per level.
                   A        B        C        D        E       F      G
               +--------+--------+--------+--------+--------+-----+--------+
         Total |    327 |    327 |      0 |     72 |    168 |   1 |  327.0 |
       Dungeon |    327 |    327 |      0 |     72 |    168 |   1 |  327.0 |
               +--------+--------+--------+--------+--------+-----+--------+

Top non-repeatable levels by time:
     D:1: 327 daAuts
